 Dungeon Crawl Stone Soup version 0.17.0-28-g6e173f8 (webtiles) character file.

315 Ijustatesigmund the Conjurer (level 5, 0/60 HPs)
             Began as a Demigod Conjurer on Dec 2, 2015.
             Slain by a jackal (2 damage)
             ... on level 3 of the Dungeon.
             The game lasted 00:13:33 (2419 turns).

Ijustatesigmund the Conjurer (Demigod Conjurer)     Turns: 2419, Time: 00:13:33

Health: 0/60       AC: 27    Str: 11    XL:     5   Next: 99%
Magic:  1/13       EV:  2    Int: 21    God:
Gold:   117        SH:  0    Dex: 16    Spells: 3 memorised, 4 levels left

rFire  . . .     SeeInvis .     g - +2 short sword (protect)
rCold  . . .     Clarity  .     (armour currently unavailable)
rNeg   + + +     SustAt   +     (no shield)
rPois  +         Gourm    .     (helmet currently unavailable)
rElec  .         Spirit   .     (cloak currently unavailable)
rCorr  .         Warding  .     (gloves currently unavailable)
rMut   .         NoTele   +     (boots currently unavailable)
MR     .....                    (no amulet)
Stlth  ++........               (no ring)
                                (no ring)

@: tree-form, not resistant to hostile enchantments, unstealthy
A: high mp 1, sustain attributes
a: no special abilities


You were on level 3 of the Dungeon.
You were very hungry.
You were a tree.
You visited 1 branch of the dungeon, and saw 3 of its levels.

You collected 117 gold pieces.

Inventory:

Hand Weapons
 d - a +0 short sword
 g - a +2 short sword of protection (weapon)
Armour
 a - a +0 robe (melded)
Scrolls
 e - 2 scrolls of identify
 h - a scroll of recharging
 i - a scroll of remove curse
Potions
 j - a potion of haste {unknown}
 l - a potion of magic
Books
 b - a book of Conjurations

   Spells                             Type                      Level
   a - Magic Dart                     Conjuration                  1
   b - Searing Ray                    Conjuration                  2
   c - Dazzling Spray                 Conjuration/Hexes            3
   d - Fulminant Prism                Conjuration/Hexes            4
   e - Iskenderun's Mystic Blast      Conjuration                  4
   f - Iskenderun's Battlesphere      Conjuration/Charms           5
Comestibles
 c - 4 bread rations
 f - 6 fruits


   Skills:
 - Level 1.1 Fighting
 - Level 1.7 Dodging
 - Level 1.7 Stealth
 + Level 3.4 Spellcasting
 + Level 4.8 Conjurations
 + Level 2.7 Hexes


You had 4 spell levels left.
You knew the following spells:

 Your Spells              Type           Power        Failure   Level  Hunger
a - Magic Dart            Conj           ###.         1%          1    None
b - Searing Ray           Conj           ###...       2%          2    ##.....
c - Dazzling Spray        Conj/Hex       ###.....     10%         3    ###....


Dungeon Overview and Level Annotations

Branches:
Dungeon (3/15)

Shops:
D:2 *


Innate Abilities, Weirdness & Mutations

You have an increased reservoir of magic (+10% MP).
Your attributes are resistant to harm.


Message History

The orc throws a stone.
The stone barely misses you.
You hear the slow rusting of a very distant drain.
You hit the jackal.
The jackal is lightly wounded.
The jackal bites you.
* * * LOW HITPOINT WARNING * * *
The jackal bites you but does no damage.
You closely miss the jackal.
The jackal is lightly wounded.
The jackal bites you but does no damage.
The orc hits you but does no damage.
You barely miss the jackal.
The jackal is lightly wounded.
The jackal bites you.
* * * LOW HITPOINT WARNING * * *
The jackal bites you but does no damage.
You closely miss the jackal.
The jackal is lightly wounded.
The orc hits you but does no damage. The jackal bites you.
You die...

#.#####.#
#.####.#####.#
#....>.......# ###
######........ ..#
###..###### #.#
#.....# #.#
#.#...#######.##
######.#...##..(.[...
#..h♣o..........†..##
#.####.....##.###....
####.##.........
.##..###.### .##
###.### .. ....... ##
##.... ####. #.


You could see an orc and a jackal.

Vanquished Creatures
  Purgy (D:3)
  Ijyb (D:2)
  Jessica (D:3)
  Natasha (twice) (D:3)
  6 adders
  2 oozes (D:1)
  2 worms (D:2)
  2 giant geckos
  An orc (D:3)
  2 giant cockroaches
  10 goblins
  5 hobgoblins
  7 jackals
  11 kobolds
  A quokka (D:2)
  3 bats
  2 giant newts (D:1)
  6 rats
65 creatures vanquished.

Notes
Turn   | Place    | Note
--------------------------------------------------------------
     0 | D:1      | Ijustatesigmund the Demigod Conjurer began the quest for the Orb.
     0 | D:1      | Reached XP level 1. HP: 14/14 MP: 5/5
   241 | D:1      | Reached XP level 2. HP: 17/20 MP: 1/7
   245 | D:1      | Learned a level 2 spell: Searing Ray
   353 | D:1      | Reached skill level 4 in Conjurations
  1146 | D:1      | Reached XP level 3. HP: 26/26 MP: 6/9
  1151 | D:1      | Learned a level 3 spell: Dazzling Spray
  1594 | D:2      | Noticed Ijyb
  1606 | D:2      | Reached skill level 1 in Hexes
  1610 | D:2      | Reached XP level 4. HP: 13/34 MP: 2/10
  1617 | D:2      | Killed Ijyb
  1617 | D:2      | Reached skill level 1 in Fighting
  1919 | D:2      | Found an opulent altar of Gozag.
  1921 | D:2      | Found Gozag's Platinum Reserve.
  2325 | D:3      | Noticed Jessica
  2331 | D:3      | Noticed Natasha
  2336 | D:3      | Killed Natasha
  2336 | D:3      | Reached XP level 5. HP: 37/40 MP: 1/12
  2346 | D:3      | Killed Jessica
  2354 | D:3      | Noticed Natasha
  2360 | D:3      | Killed Natasha
  2387 | D:3      | Noticed Purgy
  2405 | D:3      | HP: 2/60 [Purgy (3)]
  2407 | D:3      | Killed Purgy
  2416 | D:3      | HP: 2/60 [jackal (2)]
  2419 | D:3      | Slain by a jackal

Action                   |  1- 3 |  4- 6 || total
-------------------------+-------+-------++-------
Melee: Short sword       |    13 |    27 ||    40
 Cast: Magic Dart        |    67 |    54 ||   121
       Searing Ray       |     4 |     6 ||    10
  Use: Scroll            |     5 |       ||     5
       Potion            |       |     3 ||     3
  Eat: Chunk             |     2 |     2 ||     4
